 Dungeon Crawl Stone Soup version 0.28.0 (webtiles) character file.

Game seed: 4452550953905960439

141 crazypyro the Cudgeller (level 5, 0/54 HPs)
             Began as an Ogre Monk on Feb 4, 2022.
             Slain by a sky beast (5 damage)
             ... on level 4 of the Dungeon.
             The game lasted 00:03:27 (3594 turns).

crazypyro the Cudgeller (Ogre Monk)                 Turns: 3594, Time: 00:03:28

Health: 0/54       AC:  3    Str: 17    XL:     5   Next: 24%
Magic:  5/5        EV: 10    Int: 11    God:
Gold:   78         SH:  0    Dex: 11    Spells: 4/4 levels left

rFire   . . .      SeeInvis .   l - +0 flail
rCold   . . .      Faith    .   (no shield)
rNeg    . . .      Spirit   .   b - +0 robe
rPois   +          Reflect  .   (helmet restricted)
rElec   .          Harm     .   (no cloak)
rCorr   .          Rampage  .   (gloves unavailable)
Will    .....                   (boots unavailable)
Stlth   ++........              i - amulet of regeneration
HPRegen 0.98/turn               j - ring of poison resistance
MPRegen 0.09/turn               (no ring)

@: no status effects
A: large, unfitting armour, tough skin 1
a: no special abilities


You were on level 4 of the Dungeon.
You visited 1 branch of the dungeon, and saw 4 of its levels.

You collected 143 gold pieces.
You spent 65 gold pieces at shops.

Inventory:

Hand Weapons
 a - a +0 mace
 l - a +0 flail (weapon)
Armour
 b - a +0 robe (worn)
Jewellery
 e - a ring of fire
 i - an amulet of regeneration (around neck)
 j - a ring of poison resistance (left hand)
Scrolls
 f - 5 scrolls of identify {unknown}
Potions
 c - a potion of mutation {unknown}
 d - 3 potions of heal wounds
 g - a potion of ambrosia {unknown}
 h - 2 potions of flight {unknown}
 k - a potion of lignification {unknown}
 m - a potion of curing {unknown}


   Skills:
 - Level 4.0 Fighting
 * Level 5.0 Maces & Flails
 + Level 0.3 Armour
 + Level 3.0 Dodging
 - Level 1.4 Stealth


You had 4 spell levels left.
You didn't know any spells.
Your spell library contained the following spells:

 Spells                   Type           Power      Damage    Failure   Level
 Scorch                   Fire           0%         2d5       47%         2
 Inner Flame              Hex/Fire       0%         N/A       71%         3
 Cause Fear               Hex            0%         N/A       98%         4
 Flame Wave               Conj/Fire      0%         2d4       98%         4
 Summon Cactus Giant      Summ           0%         N/A       100%        6
 Discord                  Hex            0%         N/A       100%        8


Dungeon Overview and Level Annotations

Branches:
Dungeon (4/15)
 Temple: D:4-7

Altars:
Sif Muna

Shops:
D:2 *


Innate Abilities, Weirdness & Mutations

You are too large for most types of armour.
You have tough skin. (AC +1)


Message History

The sky beast is moderately wounded.
The sky beast barely misses you.
You barely miss the sky beast.
The sky beast is moderately wounded.
The sky beast hits you but does no damage.
The sky beast closely misses you.
You barely miss the sky beast.
The sky beast is moderately wounded.
The sky beast hits you but does no damage.
You closely miss the sky beast.
The sky beast is moderately wounded.
The sky beast hits you but does no damage.
You closely miss the sky beast.
The sky beast is moderately wounded.
The sky beast flickers out of sight!
Deactivating autopickup; reactivate with Ctrl-A.
Something hits you but does no damage.
You miss something. Something hits you. Something shocks you.
You miss something. Something hits you. Something shocks you.
You miss something. Something hits you but does no damage.
You miss something. Something hits you. Something shocks you.
You barely miss something. Something hits you. Something shocks you.
Something hits you. Something shocks you.
You barely miss something. Something hits you but does no damage.
You closely miss something. Something hits you. Something shocks you.
* * * LOW HITPOINT WARNING * * *
You closely miss something. Something hits you.
* * * LOW HITPOINT WARNING * * *
Something shocks you.
* * * LOW HITPOINT WARNING * * *
You miss something. Your punch misses something. Something hits you.
* * * LOW HITPOINT WARNING * * *
Something shocks you.
* * * LOW HITPOINT WARNING * * *
You hit something. Something hits you but does no damage.
You miss something.
Something hits you but does no damage. x2
You barely miss something. Something hits you.
* * * LOW HITPOINT WARNING * * *
Something shocks you.
You die...

######### #
#<......# .
#.####..# .#
#.####..##.#
#.##.......#
#..).....#
#..#.#...#
#.....@{.#
##.#..#.......
#.##.#.......
#............
####.#.......
#.#...../.
#.#.......
..........


There were no monsters in sight!

Vanquished Creatures
  A bullfrog skeleton (D:3)
  Terence (D:2)
  2 adders (D:2)
  3 worms
  A dart slug (D:1)
  An orc (D:3)
  7 bats
  3 endoplasms
  A giant cockroach (D:2)
  5 goblins
  9 hobgoblins
  6 jackals
  6 kobolds
  2 quokkas
  3 frilled lizards
  5 rats
56 creatures vanquished.

Notes
Turn   | Place    | Note
-------+----------+-------------------------------------------
     0 | D:1      | crazypyro the Ogre Monk began the quest for the Orb.
     0 | D:1      | Reached XP level 1. HP: 24/24 MP: 1/1
   143 | D:1      | Reached skill level 3 in Maces & Flails
   240 | D:1      | Reached XP level 2. HP: 18/32 MP: 2/2
  1476 | D:2      | Reached XP level 3. HP: 39/39 MP: 3/3
  1485 | D:2      | Noticed Terence
  1680 | D:2      | Found a faded altar of an unknown god.
  1700 | D:2      | Found Fededduo's General Store.
  1708 | D:2      | Reached skill level 4 in Maces & Flails
  1716 | D:2      | Bought a potion of heal wounds for 65 gold pieces
  1732 | D:2      | Found a shimmering blue altar of Sif Muna.
  1800 | D:2      | Killed Terence
  1801 | D:2      | Reached XP level 4. HP: 8/48 MP: 4/4
  3454 | D:3      | Reached skill level 5 in Maces & Flails
  3454 | D:3      | Reached XP level 5. HP: 54/54 MP: 5/5
  3570 | D:4      | Noticed a sky beast
  3594 | D:4      | Slain by a sky beast

Illustrated notes

Levels and vault maps discovered:
D:1:      dpeg_arrival_connections, layout_loops_ring, serial_bayou,
          serial_bayou_lake_a, serial_bayou_pond_c, serial_bayou_ford_a,
          serial_bayou_pond_d, serial_bayou_crossing, serial_bayou_shore_b,
          glass_columns_a, kennysheep_flooded_box,
          wander_ebering_terrifying_dragon_lair
D:2:      layout_basic, basic_altar, serial_shops, nicolae_shop_statue_plus,
          dilly_ecumenical_altar_fadedgnrine, uniq_terence
D:3:      layout_basic
D:4:      layout_loops_cross, riverfiend_overflow_shadow_ancestor,
          nicolae_overflow_hallway_of_the_gods, minmay_checkerbox

Skill      XL: |  1  2  3  4 |
---------------+-------------+-----
Maces & Flails | 3 4 5 |  5.0
Dodging        | 3 |  3.0
Fighting       | |  4.0
Armour         | |  0.3
Stealth        | |  1.4

Action                   |  1- 3 |  4- 6 || total
-------------------------+-------+-------++-------
Melee: Mace              |    91 |   105 ||   196
       Flail             |       |    31 ||    31
       Punch             |       |     2 ||     2
  Use: Scroll            |     2 |       ||     2
 Stab: Sleeping          |     3 |     6 ||     9
Armor: Robe              |    40 |    42 ||    82
Dodge: Dodged            |    67 |    69 ||   136
